 Dungeon Crawl Stone Soup version 0.29-a0-23-ga79f92ac9c (webtiles) character file.

Game seed: 14910450808457613437

29 Spectrina the Cudgeller (level 3, -15/29 HPs)
             Began as a Demonspawn Monk on Jan 30, 2022.
             Killed by an exploding jackal (30 damage)
             ... ignited by their inner flame
             ... on level 3 of the Dungeon.
             The game lasted 00:06:56 (756 turns).

Spectrina the Cudgeller (Demonspawn Monk)            Turns: 756, Time: 00:06:56

Health: -15/29     AC:  3    Str: 13    XL:     3   Next: 1%
Magic:  3/3        EV: 12    Int: 11    God:
Gold:   57         SH:  0    Dex: 15    Spells: 2/2 levels left

rFire   . . .      SeeInvis .   h - +1 hand axe (freeze)
rCold   . . .      Faith    .   (no shield)
rNeg    . . .      Spirit   .   b - +0 robe
rPois   .          Reflect  .   (helmet restricted)
rElec   .          Harm     .   (no cloak)
rCorr   .          Rampage  .   k - +0 pair of gloves
Will    .....                   (no boots)
Stlth   ++........              (no amulet)
HPRegen 0.09/turn               (no ring)
MPRegen 0.08/turn               (no ring)

@: no status effects
A: horns 2
a: no special abilities


You were on level 3 of the Dungeon.
You visited 1 branch of the dungeon, and saw 4 of its levels.

You collected 57 gold pieces.

Inventory:

Hand Weapons
 a - a +0 mace
 h - a +1 hand axe of freezing (weapon)
Missiles
 g - 15 sling bullets
Armour
 b - a +0 robe (worn)
 k - a +0 pair of gloves (worn)
Scrolls
 d - 2 scrolls of teleportation {unknown}
 e - a scroll of immolation
 i - a scroll of blinking {unknown}
 j - a scroll of fear {unknown}


   Skills:
 - Level 3.0 Fighting
 + Level 3.8 Maces & Flails
 - Level 2.6 Dodging
 - Level 1.7 Stealth


You had 2 spell levels left.
You didn't know any spells.
Your spell library was empty.

Dungeon Overview and Level Annotations

Branches:
Dungeon (4/15)
 Temple: D:4-7

Altars:
Ashenzari


Innate Abilities, Weirdness & Mutations

You have a pair of horns on your head.


Message History

Things that are here:
a +0 club; a goblin corpse An orc comes into view.
It is wielding a +0 dagger. 2 jackals come into view.
Found 6 gold pieces. 2 orc priests come into view.
Found 13 gold pieces.
The orc priest shouts!
The jackal barks!
The orc shouts!
The orc priest shouts!
You hear a shout!
A quokka comes into view.
An orc comes into view.
It is wielding a +0 trident and quivering silver boomerangs.
Unknown command.
Unknown command.
As you read the scroll labelled MABYDU BUCLORCH, it crumbles to dust.
The creatures around you are filled with an inner flame!
It was a scroll of immolation.
The orc throws a silver boomerang.
The silver boomerang completely misses you.
The orc priest mumbles some strange prayers to Beogh against you.
Beogh smites you!
Unknown command.
Unknown command.
You aren't carrying any items that you can evoke.
Okay, then.
As you read the scroll labelled ULASKEU SOTU, it crumbles to dust.
It is a scroll of identify.
c - a potion of curing The jackal barks!
You feel better.
Unknown command.
You hit the jackal.
Flame seeps out of the jackal.
You freeze the jackal.
Flame seeps out of the jackal.
Your headbutt misses the jackal.
The jackal is severely wounded.
The jackal is engulfed in blazing flames.
The jackal explodes!
The fiery explosion engulfs the orc priest!
Flame seeps out of the orc priest.
The orc priest is almost dead.
The fiery explosion engulfs you!!
Ouch! That really hurt!
You die...

..... #....>.#### #....#
..$..##......)..#######..
......#.....###...# ###
.....o####### ###.### #
...r... ## #...# .....oh
...####.### $.....o##
#....#...### #§○##
#........ ##§@####
###...÷... #########....#
##.........
#......#####.###..##......
######....##.....###......
####.......##########
####.......#######
#####..#...........#
#.....######..####.#
#####.##### ##.......


You could see 2 orc priests, an orc (inner flame), a quokka (inner flame) and a
jackal (inner flame).

Vanquished Creatures
  4 orcs (D:3)
  A bat (D:1)
  3 endoplasms
  A giant cockroach (D:3)
  2 goblins (D:3)
  A hobgoblin (D:2)
  A jackal (D:3)
  3 kobolds
  A quokka (D:3)
  A ball python (D:2)
  3 frilled lizards
  3 rats
24 creatures vanquished.

Notes
Turn   | Place    | Note
-------+----------+-------------------------------------------
     0 | D:1      | Spectrina the Demonspawn Monk began the quest for the Orb.
     0 | D:1      | Reached XP level 1. HP: 18/18 MP: 1/1
   224 | D:1      | Gained mutation: You have a pair of small horns on your
                  | head. [demonic ancestry]
   224 | D:1      | Reached XP level 2. HP: 14/24 MP: 2/2
   345 | D:2      | Found a broken altar of Ashenzari.
   711 | D:3      | Gained mutation: You have a pair of horns on your head.
                  | [demonic ancestry]
   711 | D:3      | Reached XP level 3. HP: 16/29 MP: 3/3
   756 | D:3      | Killed by an exploding jackal... ignited by their inner
                  | flame

Illustrated notes

Levels and vault maps discovered:
D:1:      dpeg_arrival_orchard, layout_loops_ring
D:2:      layout_basic, basic_altar
D:3:      layout_rooms, basic_ecumenical_altar, corexii_shack, uniq_terence
D:4:      layout_cave_pools, serial_shops, kennysheep_mini_moat, uniq_ijyb,
          uniq_grinder, uniq_blork_the_orc, uniq_menkaure

Skill      XL: |  1 |
---------------+----+-----
Maces & Flails | 3 |  3.8
Fighting       | |  3.0
Dodging        | |  2.6
Stealth        | |  1.7

Action                   || total
-------------------------++-------
Melee: Mace              ||    36
       Hand axe          ||    34
       Headbutt          ||     7
  Use: Scroll            ||     2
       Potion            ||     1
 Stab: Sleeping          ||     1
Armor: Robe              ||     3
Dodge: Dodged            ||    44

Table legend: (Time is in decaauts)
 A = Elapsed time spent in this place.
 B = Non-inter-level travel time spent in this place.
 C = Inter-level travel time spent in this place.
 D = Time resting spent in this place.
 E = Time spent auto-exploring this place.
 F = Levels seen in this place.
 G = Mean time per level.
                   A        B        C        D        E       F      G
               +--------+--------+--------+--------+--------+-----+--------+
         Total |    774 |    743 |     31 |      0 |      0 |   4 |  193.5 |
       Dungeon |    774 |    743 |     31 |      0 |      0 |   4 |  193.5 |
               +--------+--------+--------+--------+--------+-----+--------+

Top non-repeatable levels by time:
     D:3: 318 daAuts
     D:1: 215 daAuts
     D:2: 212 daAuts
     D:4: 28 daAuts
